 Dungeon Crawl Stone Soup version 0.31-a0-331-geda263fcf1 (webtiles) character file.

Game seed: 16778432024843032720

523573 holysushi the Skinwalker (level 25, -15/165 HPs)
             Began as an Octopode Shapeshifter on July 19, 2023.
             Was an Initiate of Gozag.
             Demolished by an eidolon (22 damage)
             ... on level 2 of the Crypt.
             The game lasted 01:28:15 (52923 turns).

holysushi the Skinwalker (Octopode Shapeshifter)   Turns: 52923, Time: 01:28:15

Health: -15/165    AC:  1    Str: 22      XL:     25   Next: 38%
Magic:  24/37      EV: 55    Int: 26 (27) God:    Gozag
Gold:   6132       SH:  0    Dex: 48      Spells: 27/44 levels left

rFire   + +          .
                       - Unarmed
rCold   + + +        (no shield)
rNeg    + + +        (helmet restricted)
rPois   ∞            t - amulet of Pahose Zisups {Regen+ Dex+2}
rElec   .            W - ring of Patience {rF++ Int+5 SInv}
rCorr   .            S - +6 ring of dexterity
SInv    +            y - ring of Sophism {EV+5 Str+3 Int+3 Dex+4}
Will    +++..        O - ring "Kacageigg" {rPois Will+ Int+5}
Stlth   +++++++++    X - ring "Hilir" {rF+ rC+ Str+4 Int-4}
HPRegen 1.27/turn    i - ring "Wujalicy" {rC+ rN+ Dex+6}
MPRegen 0.25/turn    Q - ring of Saibu {Int+8 Slay+4}
                     V - +6 ring of dexterity

%: no passive effects
@: death-form, gold aura, slowed, very slow
A: vile attack, torment immunity, no potions, almost no armour, amphibious, 8
rings, camouflage 1, gelatinous body 1, (nimble swimmer 1), tentacles, cold
resistance 1, heat vulnerability 1, noise suppression
}: 3/15 runes: serpentine, silver, abyssal
a: Siphon Essence, Begin Untransformation, Renounce Religion, Potion Petition,
Call Merchant, Bribe Branch


You were on level 2 of the Crypt.
You worshipped Gozag.
Gozag was greatly pleased with you.
You were an undying horror.
You visited 9 branches of the dungeon, and saw 41 of its levels.
You visited the Abyss 2 times.

You collected 24389 gold pieces.
You spent 8411 gold pieces at shops.
You paid 9846 gold pieces to Gozag.

Inventory:

Jewellery
 i - the ring "Wujalicy" (on tentacle) {rC+ rN+ Dex+6}
   (You bought it in a shop on level 5 of the Lair of Beasts)

   [ring of dexterity]

   Dex:       It affects your dexterity (+6).
   rC:        It protects you from cold.
   rN:        It protects you from negative energy.
 t - the amulet of Pahose Zisups (around mantle) {Regen+ Dex+2}
   (You took it off a deep elf elementalist on level 3 of the Elven Halls)

   [amulet of regeneration]

   Dex:       It affects your dexterity (+2).
   Regen:     It increases your rate of health regeneration.
 u - the ring "Gueti" {Fly rElec rN+ Dex+3}
   (You took it off a deep elf demonologist on level 3 of the Elven Halls)

   [ring of flight]

   Dex:       It affects your dexterity (+3).
   rElec:     It insulates you from electricity.
   rN:        It protects you from negative energy.
   Fly:       It grants you flight.
 y - the ring of Sophism (on tentacle) {EV+5 Str+3 Int+3 Dex+4}
   (You found it on level 7 of the Dungeon)

   [ring of evasion]

   EV:        It affects your evasion (+5).
   Str:       It affects your strength (+3).
   Int:       It affects your intelligence (+3).
   Dex:       It affects your dexterity (+4).
 I - the ring "Goxot" {rC+ Will+ MP+9 Dex-2}
   (You took it off a deep elf zephyrmancer on level 3 of the Elven Halls)

   [ring of magical power]

   Dex:       It affects your dexterity (-2).
   rC:        It protects you from cold.
   MP:        It affects your magic capacity (+9).
   Will:      It increases your willpower.
 O - the ring "Kacageigg" (on tentacle) {rPois Will+ Int+5}
   (You bought it in a shop on level 4 of the Lair of Beasts)

   [ring of willpower]

   Int:       It affects your intelligence (+5).
   rPois:     It protects you from poison.
   Will:      It increases your willpower.
 Q - the ring of Saibu (on tentacle) {Int+8 Slay+4}
   (You bought it in a shop on level 4 of the Lair of Beasts)

   [ring of slaying]

   Int:       It affects your intelligence (+8).
   Slay:      It affects your accuracy & damage with ranged weapons and melee
   (+4).
 S - a +6 ring of dexterity (right tentacle)
 V - a +6 ring of dexterity (on tentacle)
 W - the ring of Patience (left tentacle) {rF++ Int+5 SInv}
   (You bought it in a shop on level 2 of the Swamp)

   [ring of see invisible]

   Int:       It affects your intelligence (+5).
   rF:        It greatly protects you from fire.
   SInv:      It lets you see invisible.
 X - the ring "Hilir" (on tentacle) {rF+ rC+ Str+4 Int-4}
   (You found it on level 3 of the Snake Pit)

   [ring of protection from fire]

   Str:       It affects your strength (+4).
   Int:       It affects your intelligence (-4).
   rF:        It protects you from fire.
   rC:        It protects you from cold.
Talismans
 B - a dragon-blood talisman
 P - a talisman of death
 Z - a storm talisman
Wands
 g - a wand of acid (7)
 v - a wand of digging (8)
 E - a wand of iceblast (74)
Scrolls
 b - 5 scrolls of vulnerability
 c - 6 scrolls of fog
 f - 4 scrolls of immolation
 k - 3 scrolls of silence
 l - 13 scrolls of poison
 n - 7 scrolls of noise
 o - 3 scrolls of revelation
 p - 23 scrolls of identify
 q - 5 scrolls of blinking
 s - 14 scrolls of teleportation
 z - 3 scrolls of fear
 A - 12 scrolls of amnesia
 G - 9 scrolls of enchant weapon
 H - 4 scrolls of summoning
 J - 5 scrolls of enchant armour
Potions
 a - 6 potions of brilliance
 e - 15 potions of curing
 h - 7 potions of resistance
 j - 6 potions of mutation
 m - 10 potions of heal wounds
 w - 3 potions of enlightenment
 x - 6 potions of lignification
 C - 4 potions of cancellation
 D - 4 potions of invisibility
 F - 7 potions of berserk rage
 K - 10 potions of might
 L - 3 potions of ambrosia
 M - 5 potions of attraction
 N - 3 potions of magic
 T - 4 potions of haste
 Y - 5 potions of degeneration
Miscellaneous
 d - a tin of tremorstones (2/2)
 r - a box of beasts
 R - a phantom mirror
 U - a lightning rod (4/4)


   Skills:
 - Level 12.0 Fighting
 - Level 20.0 Dodging
 - Level 15.0 Stealth
 + Level 17.0 Unarmed Combat
 - Level 10.0 Spellcasting
 - Level 10.0 Necromancy
 + Level 12.0 Translocations
 - Level 3.0 Evocations
 + Level 22.4 Shapeshifting


You had 27 spell levels left.
You knew the following spells:

 Your Spells              Type           Power      Damage    Failure   Level
a - Blink                 Tloc           100%       N/A       1%          2
b - Lesser Beckoning      Tloc           100%       N/A       1%          2
c - Teleport Other        Tloc           66%        N/A       1%          3
d - Manifold Assault      Tloc           66%        N/A       1%          4
e - Death Channel         Necr           30%        N/A       12%         6

Your spell library contained the following spells:

 Spells                   Type           Power      Damage    Failure   Level
 Apportation              Tloc           100%       N/A       1%          1
 Kiss of Death            Conj/Necr      100%       2d13      1%          1
 Necrotise                Necr           100%       1d9       1%          1
 Cigotuvi's Dreadful Rot  Necr/Pois/Air  60%        N/A       1%          2
 Momentum Strike          Conj/Tloc      88%        3d10      1%          2
 Sublimation of Blood     Necr           60%        N/A       1%          2
 Gell's Gravitas          Tloc           66%        N/A       1%          3
 Portal Projectile        Hex/Tloc       88%        N/A       1%          3
 Volatile Blastmotes      Fire/Tloc      88%        2d17      1%          3
 Dispel Undead            Necr           60%        3d21      1%          4
 Passage of Golubria      Tloc           66%        N/A       1%          4
 Iskenderun's Mystic Bla  Conj/Tloc      44%        2d10      3%          4
 Foxfire                  Conj/Fire      52%        2x1d6     4%          1
 Magic Dart               Conj           52%        1d5       4%          1
 Sandblast                Erth           26%        2d8       4%          1
 Shock                    Conj/Air       52%        1d6       4%          1
 Slow                     Hex            52%        N/A       4%          1
 Sting                    Tmut/Pois      52%        1d5       4%          1
 Summon Small Mammal      Summ           52%        N/A       4%          1
 Dispersal                Tloc           33%        N/A       4%          6
 Anguish                  Hex/Necr       19%        N/A       6%          4
 Call Imp                 Summ           26%        N/A       7%          2
 Passwall                 Tmut/Erth      10%        N/A       7%          2
 Poisonous Vapours        Pois/Air       26%        N/A       7%          2
 Searing Ray              Conj           26%        2d5       7%          2
 Call Canine Familiar     Summ           13%        N/A       14%         3
 Confusing Touch          Hex            13%        N/A       14%         3
 Dazzling Flash           Conj/Hex       26%        N/A       14%         3
 Ignite Poison            Fire/Tmut/Pois 13%        N/A       14%         3
 Inner Flame              Hex/Fire       13%        N/A       14%         3
 Mephitic Cloud           Conj/Pois/Air  13%        N/A       14%         3
 Stone Arrow              Conj/Erth      26%        3d8       14%         3
 Summon Guardian Golem    Hex/Summ       13%        N/A       14%         3
 Swiftness                Air            13%        N/A       14%         3
 Borgnjor's Vile Clutch   Necr/Erth      19%        N/A       16%         5
 Airstrike                Air            6%         2d(1-17)  41%         4
 Cause Fear               Hex            6%         N/A       41%         4
 Flame Wave               Conj/Fire      13%        2d6       41%         4
 Fulminant Prism          Conj/Hex       6%         3d7       41%         4
 Leda's Liquefaction      Hex/Erth       6%         N/A       41%         4
 Olgreb's Toxic Radiance  Pois           13%        N/A       41%         4
 Petrify                  Tmut/Erth      13%        N/A       41%         4
 Sticky Flame             Conj/Fire      13%        2d4       41%         4
 Arcjolt                  Conj/Air       6%         1d16      77%         5
 Irradiate                Conj/Tmut      6%         3d13      77%         5
 Lee's Rapid Deconstruct  Erth           6%         3d6*      77%         5
 Silence                  Hex/Air        6%         N/A       77%         5
 Disjunction              Tloc           33%        N/A       91%         8
 Malign Gateway           Summ/Tloc      22%        N/A       97%         7
 Haunt                    Necr/Summ      19%        N/A       99%         7
 Borgnjor's Revivificati  Necr           30%        N/A       99%         8
 Conjure Ball Lightning   Conj/Air       6%         3x3d6     100%        6
 Leda's Unmaking          Conj/Erth      6%         9d2       100%        6
 Plasma Beam              Fire/Air       6%         2x1d17    100%        6
 Starburst                Conj/Fire      6%         6d4       100%        6
 Enfeeble                 Hex            6%         N/A       100%        7
 Discord                  Hex            6%         N/A       100%        8
 Ignition                 Fire           6%         3d4       100%        8
 Lehudib's Crystal Spear  Conj/Erth      6%         10d3      100%        8
 Maxwell's Capacitive Co  Air            6%         ∞         100%        8
 Summon Horrible Things   Summ           6%         N/A       100%        8
 Chain Lightning          Conj/Air       6%         3d8       100%        9
 Death's Door             Necr           30%        N/A       100%        9
 Fire Storm               Conj/Fire      6%         8d2       100%        9
 Shatter                  Erth           6%         3d9*      100%        9
 Animate Dead             Necr           Unusable   N/A       N/A         4

Dungeon Overview and Level Annotations

Branches:
Dungeon (15/15) Zot: 25317  Temple (1/1) D:5 Zot: 5963    Lair (5/5) D:10 Zot: 20764
  Swamp (4/4) Lair:3 Zot: 21068   Snake (4/4) Lair:2 Zot: 18629   Slime (0/5) Lair:5
    Orc (2/2) D:12 Zot: 10007     Elf (3/3) Orc:2 Zot: 11873  Vaults (5/5) D:13 Zot: 23107
  Crypt (2/3) Vaults:3 Zot: 9881  Depths (0/4) D:15

Altars:
Ashenzari
Cheibriados
Dithmenos
Elyvilon
Fedhas
Gozag
Hepliaklqana
Kikubaaqudgha
Makhleb
Nemelex Xobeh
Okawaru
Qazlal
Ru
Sif Muna
Trog
Uskayaw
Vehumet
Wu Jian
Xom
Yredelemnul
Zin
The Shining One
Jiyva

Shops:
D:4 *   D:11 [   Orc:1 !   Orc:2 [(=*   Elf:1 ?   Elf:2 [   Lair:4 =   Lair:5 =
Swamp:2 =   Snake:3 *   Snake:4 ?   Vaults:2 (*   Vaults:4 ?[:[[

Portals:
Trove: D:13 (give +7 demon trident)

Annotations:
D:1 1 transporter
D:5 1 runed translucent door, Crazy Yiuf
D:7 1 runed translucent door, LeprechaunX's ghost, novice OpSh
D:15 6 transporters
Swamp:2 2 transporters
Swamp:4 Lernaean hydra
Orc:1 exclusion: oklob plant


Innate Abilities, Weirdness & Mutations

You are an undying horror.
Your melee and unarmed attacks drain, slow and weaken victims.
You are immune to unholy pain and torment.
You cannot drink.
You are immune to poison.
You cannot wear most types of armour.
You are amphibious.
You can wear up to eight rings at the same time.
Your skin changes colour to match your surroundings (Stealth+).
Your rubbery body absorbs attacks. (AC +1, EV +1)
((You are camouflaged when in or above water. (Stealth+)))
You have tentacles for arms and can constrict up to eight enemies at once.
Your flesh is cold resistant. (rC+)
You are vulnerable to heat. (rF-)
You passively dampen the noise of your surroundings.


Message History

The eidolon hits you!
You feel dopey.
The vampire knight completely misses you. x2
The flying skull completely misses you. The wight closely misses you.
You tentacle-slap the curse skull but do no damage.
You squeeze the curse skull!
The curse skull is severely damaged.
You constrict the curse skull, but do no damage.
The spectral caustic shrike is distracted by your dazzling golden aura.
The freezing wraith completely misses you. x2
The flying skull completely misses you.
An eidolon opens the door.
The eidolon misses you. The eidolon completely misses you.
The vampire knight hits you with a +3 war axe!!!
* * * LOW HITPOINT WARNING * * *
The vampire knight completely misses you.
You bludgeon the curse skull!
The curse skull decays.
The curse skull is almost destroyed.
You constrict the curse skull.
The spectral caustic shrike is no longer distracted by gold.
The freezing wraith barely misses you.
The freezing wraith completely misses you.
The mummy completely misses you.
The vampire mage gestures wildly while chanting.
The vampire mage flickers and vanishes for a moment.
The eidolon completely misses you. x2; The wight completely misses you.
The vampire knight completely misses you. x2
You completely miss the curse skull.
The curse skull is almost destroyed.
You constrict the curse skull, but do no damage.
The ancient lich is no longer distracted by gold.
The ancient champion is no longer distracted by gold.
The juggernaut skeleton misses you.
The juggernaut skeleton completely misses you.
The freezing wraith completely misses you. x2
The flayed ghost misses you.
The ancient champion hits you with a +0 heavy battleaxe!!
* * * LOW HITPOINT WARNING * * *
The eidolon hits you!!
You die...
Your body crumbles into a pile of gold. ...#....#####..''''''''''........ ...#....#......' '........ ...#....#......'+ +++++

'........ ...#....#......'+ !.M.+
'........ ...#....#......'++....+
'........ ...#....#......'zVVZ[.+
'........ ####....##'##..'WVzz!!+
'........ ..............zzLWWW''+
'........ ..............ZMzzWz+++
'........
...........○○○§WZWW''''''........
.............○..Vz...............
.................................
##.....#########.................
.#.....# #.................
.#.....# ##### #.....#########...
.#.....# #...# #.....#.......#...
.#.....# #...# #.....#.......'...


You could see an ancient lich (fast, invisible), a revenant, a vampire knight, 3
eidola, 3 ancient champions, a jiangshi, 3 flayed ghosts, 2 vampire magi, a
shadow wraith (invisible), a curse skull (slow, very drained), a freezing wraith
(summoned), a spectral caustic shrike (summoned), 2 flying skulls, 2 mummies, a
wight (summoned), a swamp dragon simulacrum (summoned) and a juggernaut skeleton
(summoned).

Vanquished Creatures
  2 dread liches
  An ancient lich (Vaults:5)
  Boris (4 times) (Vaults:2 Vaults:3 Vaults:4 Crypt:2)
  Bai Suzhen (Vaults:2)
  Saint Roka (Elf:2)
  3 golden dragons (Vaults:5)
  Nikola (Swamp:4)
  2 bone dragons (Abyss:2)
  Rupert (Snake:1)
  3 titans (Vaults:5)
  A lich (Vaults:5)
  2 deep elf blademasters (Elf:3)
  4 tentacled monstrosities
  2 quicksilver dragons (Vaults:5)
  2 deep elf master archers (Elf:3)
  5 ancient champions
  4 sphinxes (Vaults:5)
  3 tentacled starspawn (Abyss:2)
  4 shadow dragons (Vaults:5)
  4 tengu reavers
  10 nagarajas (Snake:4)
  Donald (Elf:2)
  5 storm dragons
  A fenstrider witch (Swamp:3)
  6 fire giants (Vaults:5)
  2 frost giants (Vaults:5)
  19 vault wardens
  A ghost moth (shapeshifter) (Vaults:5)
  10 deep elf sorcerers
  2 iron dragons
  3 deep elf elementalists (Elf:3)
  16 ghouls
  19 ironbound preservers
  7 stone giants
  3 formless jellyfish
  4 orc warlords
  3 very ugly things
  7 ironbound thunderhulks
  4 war gargoyles (Vaults:5)
  4 vampire knights
  9 deep elf annihilators
  5 eleionomae
  4 deep elf demonologists (Elf:3)
  6 dire elephants
  8 bunyips
  13 ettins
  3 eidola
  4 deep elf death magi
  2 fire dragons
  8 yaktaur captains
  2 shambling mangroves
  5 entropy weavers
  7 deep elf high priests
  3 jiangshi (Crypt:2)
  19 hydras
  5 great orbs of eyes
  40 vault guards
  2 peacekeepers
  A rakshasa (Abyss:2)
  12 ironbound frosthearts
  A salamander tyrant (Snake:4)
  A ghost crab (Swamp:2)
  6 ogre magi
  8 anacondas
  A death knight (Crypt:1)
  An ice dragon (Elf:1)
  15 centaur warriors
  31 dancing weapons
  3 catoblepae (Lair:5)
  7 boulder beetles
  15 two-headed ogres
  4 tengu warriors
  7 alligators
  9 naga warriors
  2 thrashing horrors (Abyss:2)
  A titan zombie (Crypt:2)
  7 death yaks
  12 naga sharpshooters
  A deep troll earth mage (Vaults:5)
  6 vampire magi
  A hell knight (Vaults:5)
  A soul eater (Crypt:2)
  11 shock serpents
  An orc high priest (Orc:2)
  19 deep elf knights
  A skyshark (Lair:5)
  A titan skeleton (Crypt:1)
  Nergalle (Orc:2)
  A death drake (Swamp:2)
  5 salamander mystics
  A sixfirhy (Abyss:2)
  3 shadow wraiths
  A golden dragon zombie (Abyss:2)
  25 skeletal warriors
  6 goliath frogs
  2 spriggan druids (Swamp:4)
  43 deep trolls
  A glowing orange brain (D:14)
  4 flayed ghosts
  3 sea snakes (Snake:4)
  An orb spider (Abyss:2)
  18 deep elf archers
  8 naga ritualists
  22 ironbound convokers
  13 bog bodies
  A bunyip skeleton (Crypt:1)
  13 swamp dragons
  8 mana vipers
  2 wizards
  An orb spider (shapeshifter) (Vaults:5)
  13 phantasmal warriors
  7 lindwurms
  29 deep elf pyromancers
  A necromancer (Vaults:3)
  15 orc knights
  A broodmother zombie (Crypt:2)
  9 will-o-the-wisps
  7 ugly things
  21 deep elf zephyrmancers
  7 orc sorcerers
  A jorogumo skeleton (Crypt:2)
  4 manticores
  18 salamanders
  A sphinx skeleton (Crypt:2)
  4 cyclopes
  A formless jellyfish zombie (Crypt:2)
  24 naga magi
  11 elephants
  31 black mambas
  9 guardian serpents
  19 vault sentinels
  2 torpor snails
  2 apocalypse crabs (Abyss:2)
  10 cane toads
  A sea snake zombie (Crypt:1)
  An unseen horror zombie (Crypt:1)
  2 gargoyles
  4 rime drakes (Lair:5)
  13 komodo dragons
  A hellion (Abyss:2)
  2 kobold demonologists
  An ice devil (Abyss:2)
  2 freezing wraiths (Crypt:1)
  20 yaktaurs
  3 tengu conjurers
  3 ancient zymes (Abyss:2)
  A red draconian skeleton (Crypt:1)
  A silent spectre (Abyss:3)
  A wolf spider simulacrum (D:15)
  2 hellwings (Abyss:2)
  8 trolls
  12 tyrant leeches
  A queen bee (Lair:3)
  A polar bear (Lair:5)
  Prince Ribbit (D:7)
  10 hornets
  4 raiju (Abyss:2)
  A tarantella (Vaults:4)
  14 blink frogs
  2 dream sheep (Lair:5)
  A harpy skeleton (Abyss:2)
  A guardian serpent zombie (Crypt:1)
  4 flying skulls (Crypt:2)
  29 slime creatures
  3 water elementals
  5 wraiths
  3 air elementals (Elf:1)
  A jumping spider (Vaults:4)
  5 wyverns
  3 vampires
  8 large abominations (Abyss:2)
  4 spriggans
  A spriggan (shapeshifter) (D:13)
  5 starcursed masses (Abyss:2)
  2 ynoxinuls
  4 fire elementals
  40 yaks
  2 fire bats (Abyss:2)
  4 basilisks
  4 steam dragons
  A neqoxec (Abyss:2)
  2 redbacks (Vaults:4)
  18 vampire mosquitoes
  A two-headed ogre zombie (Crypt:2)
  Menkaure (D:7)
  2 spatial vortices (Abyss:2)
  11 swamp worms
  3 wargs
  53 nagas
  4 acid dragons
  A naga (shapeshifter) (Vaults:5)
  17 water moccasins
  A demonspawn skeleton (Crypt:1)
  A floating eye (Abyss:3)
  33 orc warriors
  A cane toad skeleton (Crypt:1)
  3 ice beasts
  A black bear (shapeshifter) (D:13)
  4 black bears
  9 swamp drakes
  An ogre (shapeshifter) (Vaults:5)
  3 sky beasts
  15 boggarts
  12 wolves
  6 ogres
  15 centaurs
  4 kobold brigands
  2 gnoll sergeants
  2 scorpions
  An elf skeleton (Crypt:2)
  4 necrophages
  5 small abominations (Abyss:2)
  A water moccasin zombie (D:3)
  9 bullfrogs
  2 earth elementals
  6 wights
  29 killer bees
  A raiju skeleton (Crypt:1)
  5 electric eels
  5 howler monkeys
  A quasit (Abyss:2)
  An iron imp (Abyss:2)
  7 jellies
  18 orc priests
  A gnoll bouda (D:7)
  6 hounds
  Jessica (D:3)
  2 sleepcaps (D:4)
  Natasha (thrice) (D:2)
  8 hell rats
  11 iguanas
  35 orc wizards
  A hound zombie (Crypt:1)
  A hound skeleton (D:3)
  15 gnolls
  7 adders
  2 shadow imps
  A white imp (D:6)
  3 ufetubi
  An adder skeleton (D:3)
  2 worms
  5 dart slugs
  101 orcs
  6 ball pythons
  3 endoplasms
  6 giant cockroaches
  6 goblins
  10 hobgoblins
  7 jackals
  18 kobolds
  7 quokkas
  A ball python zombie (D:3)
  6 bats
  5 frilled lizards
  A giant cockroach zombie (D:3)
  A jackal skeleton (Crypt:2)
  A quokka zombie (D:3)
  6 rats
  A spectral weapon (Vaults:2)
  2 starspawn tentacles (Abyss:2)
1794 creatures vanquished.

Vanquished Creatures (others)
  A vault warden (Vaults:5)
  A dancing weapon (Elf:1)
  A deep elf knight (Elf:1)
  An ironbound convoker (Vaults:5)
  A deep elf zephyrmancer (Elf:1)
  4 bloated husks
  A tyrant leech (Swamp:2)
  A vampire mosquito (Swamp:1)
  An orc priest (Elf:1)
  2 gnolls (D:11)
  2 orcs
  7 foxfires
  A spectral weapon (Vaults:2)
  5 starspawn tentacles (Abyss:2)
29 creatures vanquished.

Grand Total: 1823 creatures vanquished

Notes
Turn   | Place    | Note
-------+----------+-------------------------------------------
     0 | D:1      | holysushi the Octopode Shapeshifter began the quest for the
                  | Orb.
     0 | D:1      | Reached XP level 1. HP: 14/14 MP: 1/1
   123 | D:1      | Reached XP level 2. HP: 19/19 MP: 2/2
   377 | D:1      | Reached XP level 3. HP: 19/24 MP: 3/3
   785 | D:2      | Reached XP level 4. HP: 29/29 MP: 4/4
   844 | D:2      | Noticed Natasha
   851 | D:2      | Killed Natasha
  1231 | D:2      | Reached skill level 4 in Shapeshifting
  1579 | D:2      | Noticed Natasha
  1585 | D:2      | Killed Natasha
  1586 | D:2      | Reached XP level 5. HP: 34/34 MP: 5/5
  1820 | D:2      | Noticed Natasha
  1826 | D:2      | Killed Natasha
  2462 | D:3      | Found a faded altar of an unknown god.
  2610 | D:3      | Found a radiant altar of Vehumet.
  2682 | D:3      | Noticed Jessica
  2690 | D:3      | Killed Jessica
  2691 | D:3      | Reached XP level 6. HP: 36/39 MP: 6/6
  3092 | D:4      | Found an ornate altar of the Wu Jian Council.
  3118 | D:4      | Found a glowing silver altar of Zin.
  3232 | D:4      | Reached skill level 5 in Unarmed Combat
  3341 | D:4      | Reached skill level 5 in Shapeshifting
  3341 | D:4      | Reached XP level 7. HP: 15/45 MP: 7/7
  3484 | D:4      | Found Exumpyjaer's Assorted Antiques.
  3709 | D:5      | Entered Level 5 of the Dungeon
  3839 | D:5      | Found a staircase to the Ecumenical Temple.
  3861 | Temple   | Entered the Ecumenical Temple
  3882 | Temple   | Became a worshipper of Gozag Ym Sagoz the Greedy
  3923 | D:5      | Reached XP level 8. HP: 47/50 MP: 8/8
  4119 | D:5      | You are sucked into a shaft and drop 1 floor!
  4381 | D:5      | Found a runed translucent door.
  4382 | D:5      | Noticed Crazy Yiuf
  4562 | D:6      | Reached skill level 5 in Dodging
  4562 | D:6      | Reached skill level 6 in Shapeshifting
  4730 | D:6      | Found a hide-covered altar of Uskayaw.
  4908 | D:6      | Found a blossoming altar of Fedhas.
  4917 | D:6      | Reached XP level 9. HP: 36/54 MP: 9/9
  5405 | D:7      | Found a runed translucent door.
  5405 | D:7      | Noticed LeprechaunX's ghost (novice OpSh)
  5564 | D:7      | Identified the ring of Sophism {EV+5 Str+3 Int+3 Dex+4}
  5612 | D:7      | Noticed Menkaure
  5617 | D:7      | Killed Menkaure
  5753 | D:7      | Reached skill level 7 in Shapeshifting
  6023 | D:7      | Noticed Prince Ribbit
  6030 | D:7      | Killed Prince Ribbit
  6149 | D:7      | Found a shimmering blue altar of Sif Muna.
  6319 | D:7      | Reached XP level 10. HP: 45/60 MP: 10/10
  6490 | D:8      | Reached skill level 8 in Shapeshifting
  6769 | D:8      | Found a glowing golden altar of the Shining One.
  7157 | D:4      | Bought a scroll labelled PIRUMP DISOESY for 33 gold pieces
  7956 | D:9      | Found a viscous altar of Jiyva.
  8028 | D:9      | Noticed a two-headed ogre
  8704 | D:9      | Killed a two-headed ogre
  8705 | D:9      | Reached skill level 1 in Evocations
  9496 | D:9      | Found a broken altar of Ashenzari.
  9953 | D:10     | Entered Level 10 of the Dungeon
 10047 | D:10     | Noticed a kobold demonologist
 10053 | D:10     | Killed a kobold demonologist
 10054 | D:10     | Reached skill level 10 in Unarmed Combat
 10054 | D:10     | Reached XP level 11. HP: 67/68 MP: 11/11
 10219 | D:10     | Found a staircase to the Lair.
 10232 | D:10     | Reached skill level 9 in Shapeshifting
 10241 | D:10     | Noticed a purple ugly thing
 10319 | Lair:1   | Entered Level 1 of the Lair of Beasts
 10323 | Lair:1   | Noticed a death yak
 10420 | Lair:1   | Killed a death yak
 10428 | Lair:1   | Noticed a death yak
 10436 | Lair:1   | Noticed a death yak
 10438 | Lair:1   | Noticed a death yak
 10457 | Lair:1   | Killed a death yak
 10461 | Lair:1   | Killed a death yak
 10462 | Lair:1   | Reached skill level 10 in Dodging
 10468 | Lair:1   | Killed a death yak
 10582 | Lair:1   | Reached skill level 1 in Stealth
 10839 | Lair:1   | Reached skill level 5 in Stealth
 10950 | Lair:1   | Reached XP level 12. HP: 74/74 MP: 12/12
 12358 | Lair:2   | Found a staircase to the Snake Pit.
 13000 | Lair:3   | Found a staircase to the Swamp.
 13202 | Lair:3   | Noticed a boulder beetle
 13230 | Lair:3   | Killed a boulder beetle
 14390 | Lair:3   | Reached skill level 10 in Shapeshifting
 15205 | Lair:4   | Reached XP level 13. HP: 57/81 MP: 13/13
 15706 | Lair:4   | Reached skill level 5 in Fighting
 16101 | Lair:4   | Reached skill level 10 in Stealth
 16575 | Lair:5   | Entered Level 5 of the Lair of Beasts
 16581 | Lair:4   | Bought the ring "Kacageigg" {rPois Will+ Int+5} for 653
                  | gold pieces
 16581 | Lair:4   | Bought a +4 ring of slaying for 1092 gold pieces
 16927 | Lair:5   | Noticed a fire dragon
 17269 | Lair:5   | Reached skill level 11 in Shapeshifting
 17535 | Lair:5   | Found a staircase to the Slime Pits.
 17574 | Lair:5   | Reached XP level 14. HP: 36/90 MP: 14/14
 17794 | Lair:5   | Got the Codex of the Peccant Discharge
 17842 | Lair:5   | Reached skill level 15 in Dodging
 17997 | Lair:5   | Bought the ring "Wujalicy" {rC+ rN+ Dex+6} for 921 gold
                  | pieces
 18968 | D:11     | Found Yzicele's Antique Armour Boutique.
 19065 | D:11     | Reached skill level 12 in Shapeshifting
 20188 | D:12     | Found a staircase to the Orcish Mines.
 20698 | Orc:1    | Entered Level 1 of the Orcish Mines
 21140 | Orc:1    | Found Pobrolo Cyrr's Distillery.
 21627 | Lair:4   | Bought a dragon-blood talisman for 1120 gold pieces
 21858 | Orc:2    | Entered Level 2 of the Orcish Mines
 21871 | Orc:2    | Found a staircase to the Elven Halls.
 22303 | Orc:2    | Noticed an orc warlord
 22530 | Orc:2    | Killed an orc warlord
 22550 | Orc:2    | Noticed Nergalle
 22564 | Orc:2    | Killed Nergalle
 22591 | Orc:2    | Found Sem Xozo's Antique Armour Shoppe.
 22640 | Orc:2    | Found Wujuowk's Jewellery Shoppe.
 22962 | Orc:2    | Found Kymmu's General Store.
 23024 | Orc:2    | Found Lacoatyrgh's Antique Weapon Shoppe.
 23277 | Lair:4   | Bought the ring of Saibu {Int+8 Slay+4} for 1416 gold
                  | pieces
 23282 | Lair:4   | Learned a level 1 spell: Shock
 23286 | Lair:4   | Learned a level 2 spell: Blink
 23289 | Lair:4   | Learned a level 2 spell: Lesser Beckoning
 23293 | Lair:4   | Learned a level 3 spell: Teleport Other
 23298 | Lair:4   | Learned a level 4 spell: Manifold Assault
 23500 | Lair:5   | Reached skill level 1 in Translocations
 23502 | Lair:5   | Reached skill level 1 in Spellcasting
 23502 | Lair:5   | Reached skill level 13 in Shapeshifting
 23508 | Lair:5   | Reached XP level 15. HP: 96/96 MP: 16/16
 24168 | D:13     | Found a portal to a secret trove of treasure.
 24668 | D:13     | Found a gate to the Vaults.
 25608 | D:14     | Reached skill level 15 in Stealth
 25964 | D:15     | Entered Level 15 of the Dungeon
 26086 | D:15     | Found a transporter.
 26093 | D:15     | Found a transporter.
 26175 | D:15     | Found a transporter.
 26175 | D:15     | Found a transporter.
 26359 | D:15     | Reached skill level 5 in Spellcasting
 26530 | D:15     | Found a staircase to the Depths.
 26598 | D:15     | Found a transporter.
 26601 | D:15     | Found a transporter.
 26613 | D:15     | Reached skill level 5 in Translocations
 27546 | Snake:1  | Entered Level 1 of the Snake Pit
 27592 | Snake:1  | Reached XP level 16. HP: 69/103 MP: 15/24
 27675 | Snake:1  | Reached skill level 14 in Shapeshifting
 27933 | Snake:1  | Noticed Rupert
 27938 | Snake:1  | Killed Rupert
 29844 | Snake:3  | Found Ipsoking's CLEARANCE SALE!.
 29876 | Snake:3  | Reached skill level 15 in Shapeshifting
 29975 | Snake:3  | Identified the ring "Hilir" {rF+ rC+ Str+4 Int-4}
 30448 | Snake:3  | Reached XP level 17. HP: 108/108 MP: 30/30
 30989 | Snake:4  | Entered Level 4 of the Snake Pit
 31634 | Snake:4  | Reached skill level 10 in Spellcasting
 31881 | Snake:4  | Found Gaenof's Magic Scroll Emporium.
 32488 | Snake:4  | Reached skill level 16 in Shapeshifting
 32668 | Snake:4  | Got a serpentine rune of Zot
 32699 | Snake:4  | Reached skill level 10 in Translocations
 33031 | Swamp:1  | Entered Level 1 of the Swamp
 33285 | Swamp:1  | Reached XP level 18. HP: 114/114 MP: 32/32
 33784 | Swamp:2  | Found a transporter.
 34071 | Swamp:2  | Identified the +4 war axe of Discretion {heavy, Drain
                  | Will++ rCorr Str+3}
 34120 | Swamp:2  | Found a transporter.
 34183 | Swamp:2  | Bought a storm talisman for 2160 gold pieces
 34187 | Swamp:2  | Bought the ring of Patience {rF++ Int+5 SInv} for 950 gold
                  | pieces
 34230 | Swamp:3  | Noticed a tentacled monstrosity
 34250 | Swamp:2  | Killed a tentacled monstrosity
 35378 | Swamp:4  | Entered Level 4 of the Swamp
 35600 | Swamp:4  | Noticed Nikola
 35614 | Swamp:4  | Killed Nikola
 35962 | Swamp:4  | Reached skill level 17 in Shapeshifting
 36083 | Swamp:4  | Noticed the 27-headed Lernaean hydra
 36359 | Elf:1    | Entered Level 1 of the Elven Halls
 36560 | Elf:1    | Reached XP level 19. HP: 124/124 MP: 31/33
 36776 | Elf:1    | You are sucked into a shaft and drop 1 floor!
 36816 | Elf:2    | Found a runed translucent gate.
 37076 | Elf:2    | Found Oloiv's Armour Shop.
 37260 | Elf:2    | Noticed Saint Roka
 37447 | Elf:2    | Killed Saint Roka
 37828 | Elf:2    | Found a runed translucent gate.
 37829 | Elf:2    | Found a runed translucent gate.
 38167 | Elf:2    | Noticed Donald
 38180 | Elf:2    | Killed Donald
 38181 | Elf:2    | Reached skill level 18 in Shapeshifting
 38625 | Elf:1    | Found a shimmering blue altar of Sif Muna.
 38660 | Elf:1    | Paralysed by an air elemental for 1 turns
 38671 | Abyss:2  | Cast into level 2 of the Abyss (a deep elf sorcerer)
 38698 | Abyss:2  | Found a corrupted altar of Lugonu.
 38755 | Abyss:2  | Found a corrupted altar of Lugonu.
 39061 | Elf:1    | Escaped the Abyss
 39289 | Elf:1    | Found Veant's Magic Scroll Boutique.
 39353 | Elf:1    | Reached skill level 19 in Shapeshifting
 40006 | Elf:1    | Found a runed translucent gate.
 40006 | Elf:1    | Found a runed translucent gate.
 40006 | Elf:1    | Found a runed translucent gate.
 40006 | Elf:1    | Found a runed translucent gate.
 40006 | Elf:1    | Found a runed translucent gate.
 40014 | Elf:1    | Found a runed translucent gate.
 40220 | Elf:3    | Entered Level 3 of the Elven Halls
 40227 | Elf:3    | Reached XP level 20. HP: 130/130 MP: 10/34
 40757 | Elf:3    | Identified the staff of the Dungeon {rN+ Int+3 Conj}
 40768 | Abyss:2  | Cast into level 2 of the Abyss (a deep elf sorcerer)
 40871 | Abyss:2  | Reached skill level 20 in Shapeshifting
 40959 | Abyss:2  | Noticed a bone dragon
 40966 | Abyss:2  | Killed a bone dragon
 40977 | Abyss:2  | Noticed a bone dragon
 40983 | Abyss:2  | Killed a bone dragon
 41112 | Abyss:2  | Gained mutation: Your magical capacity is low. (-10% MP) [a
                  | neqoxec]
 41151 | Abyss:3  | Found a corrupted altar of Lugonu.
 41218 | Abyss:3  | Got an abyssal rune of Zot
 41235 | Abyss:3  | Lost mutation: Your magical capacity is low. (-10% MP)
                  | [potion of mutation]
 41235 | Abyss:3  | Gained mutation: You are vulnerable to heat. (rF-) [potion
                  | of mutation]
 41235 | Abyss:3  | Gained mutation: You passively dampen the noise of your
                  | surroundings. [potion of mutation]
 41235 | Abyss:3  | Gained mutation: Your flesh is cold resistant. (rC+)
                  | [potion of mutation]
 41246 | Elf:3    | Escaped the Abyss
 42034 | Elf:3    | Identified the amulet of Pahose Zisups {Regen+ Dex+2}
 42068 | Elf:3    | Identified the ring "Fuisk" {*Slow rElec rPois rF+++ rN+
                  | Int-5}
 42124 | Elf:3    | Identified the +8 shortbow of a Billion Moons {heavy,
                  | Int+6}
 42360 | Elf:3    | Identified the ring "Zimikoam" {Fly rC+ Int+4}
 42508 | Elf:3    | Identified the ring "Gueti" {Fly rElec rN+ Dex+3}
 42543 | Elf:3    | Identified the +9 short sword "Qujeuhud" {holy, rF+ Dex-4
                  | Stlth+}
 42543 | Elf:3    | Identified the ring "Goxot" {rC+ Will+ MP+9 Dex-2}
 42546 | Elf:3    | Identified the +1 ring mail "Wulousoc" {rPois Int+7 Slay+6}
 42706 | Elf:3    | Got Tiucsy's Tutorial on Sorcery
 43555 | Vaults:1 | Entered Level 1 of the Vaults
 43615 | Vaults:1 | Reached skill level 21 in Shapeshifting
 43780 | Vaults:1 | Reached XP level 21. HP: 135/135 MP: 35/35
 44043 | Vaults:1 | Reached skill level 10 in Fighting
 45126 | Vaults:2 | Noticed Boris
 45135 | Vaults:2 | Killed Boris
 45447 | Vaults:2 | Identified the +8 great mace of Venos {drain, Str+3}
 45523 | Vaults:2 | Identified the +6 long sword of the Asp {chaos, rF+ rCorr}
 45564 | Vaults:2 | Noticed Bai Suzhen
 45575 | Vaults:2 | Killed Bai Suzhen
 46001 | Vaults:2 | Found Nudduuz's General Store.
 46115 | Vaults:3 | Noticed Boris
 46126 | Vaults:3 | Killed Boris
 46513 | Vaults:3 | Found a staircase to the Crypt.
 46533 | Vaults:3 | Reached XP level 22. HP: 131/146 MP: 36/36
 47402 | Vaults:4 | Noticed Boris
 47409 | Vaults:4 | Killed Boris
 48065 | Vaults:4 | Identified the +8 sling of the Orb {heavy, Fly rPois Int-3
                  | Stlth+}
 48494 | Vaults:4 | Reached XP level 23. HP: 153/153 MP: 37/37
 48576 | Vaults:4 | Learned a level 6 spell: Death Channel
 48580 | Vaults:4 | Bought a scroll of teleportation for 66 gold pieces
 48641 | Vaults:5 | Entered Level 5 of the Vaults
 48650 | Vaults:5 | Reached skill level 1 in Necromancy
 48653 | Vaults:5 | Reached skill level 22 in Shapeshifting
 48767 | Vaults:5 | Identified a scroll of acquirement
 48837 | Vaults:5 | Noticed an ancient lich
 48850 | Vaults:5 | Killed an ancient lich
 49057 | Vaults:5 | Reached XP level 24. HP: 160/160 MP: 37/37
 49200 | Vaults:5 | Got a silver rune of Zot
 49254 | Vaults:5 | Reached skill level 5 in Necromancy
 49292 | Vaults:5 | Reached skill level 15 in Unarmed Combat
 49418 | Vaults:5 | Found the +8 whip "Snakebite" {venom, curare, rPois}
 49515 | Vaults:5 | Noticed a dread lich
 49618 | Vaults:5 | Killed a dread lich
 49745 | Vaults:5 | Identified the staff "Hoerik Sou" {rF++ rN+ Int+3 Necro}
 49840 | Vaults:5 | Found the +12 glaive of Prune {freeze, Prune}
 50109 | Vaults:5 | Got Sif Muna's Volume of the Squall
 50112 | Vaults:5 | Identified the staff "Killer Bee's Foe" {rElec rF+ rN+
                  | Will+ Necro}
 50184 | Vaults:5 | Identified the ring of Samuz {Ice Will+ Int+2 Stlth-}
 50197 | Vaults:5 | Acquired 707 gold pieces
 50679 | Crypt:1  | Entered Level 1 of the Crypt
 50963 | Crypt:1  | Identified the +7 morningstar of the Heavens {heavy, rPois
                  | SInv}
 51448 | Crypt:1  | Reached XP level 25. HP: 160/165 MP: 37/37
 52034 | Crypt:2  | Found a huge runed gate.
 52035 | Crypt:2  | Found a huge runed gate.
 52035 | Crypt:2  | Found a huge runed gate.
 52035 | Crypt:2  | Found a huge runed gate.
 52036 | Crypt:2  | Found a huge runed gate.
 52036 | Crypt:2  | Found a huge runed gate.
 52037 | Crypt:2  | Found a huge runed gate.
 52037 | Crypt:2  | Found a huge runed gate.
 52038 | Crypt:2  | Found a huge runed gate.
 52039 | Crypt:2  | Found a huge runed gate.
 52041 | Crypt:2  | Found a huge runed gate.
 52042 | Crypt:2  | Found a huge runed gate.
 52043 | Crypt:2  | Found a huge runed gate.
 52165 | Crypt:2  | Noticed Boris
 52178 | Crypt:2  | Killed Boris
 52542 | Crypt:2  | Reached skill level 10 in Necromancy
 52759 | Crypt:2  | Found a huge runed gate.
 52759 | Crypt:2  | Found a huge runed gate.
 52759 | Crypt:2  | Found a huge runed gate.
 52759 | Crypt:2  | Found a huge runed gate.
 52759 | Crypt:2  | Found a huge runed gate.
 52759 | Crypt:2  | Found a huge runed gate.
 52766 | Crypt:2  | Found a huge runed gate.
 52766 | Crypt:2  | Found a huge runed gate.
 52766 | Crypt:2  | Found a huge runed gate.
 52766 | Crypt:2  | Found a huge runed gate.
 52766 | Crypt:2  | Found a huge runed gate.
 52766 | Crypt:2  | Found a huge runed gate.
 52767 | Crypt:2  | Found a huge runed gate.
 52768 | Crypt:2  | Found a huge runed gate.
 52769 | Crypt:2  | Found a huge runed gate.
 52784 | Crypt:2  | Found a huge runed gate.
 52785 | Crypt:2  | Found a huge runed gate.
 52786 | Crypt:2  | Found a huge runed gate.
 52787 | Crypt:2  | Found a huge runed gate.
 52788 | Crypt:2  | Found a huge runed gate.
 52789 | Crypt:2  | Found a huge runed gate.
 52790 | Crypt:2  | Found a huge runed gate.
 52791 | Crypt:2  | Found a huge runed gate.
 52907 | Crypt:2  | Noticed a dread lich
 52908 | Crypt:2  | Noticed an ancient lich
 52917 | Crypt:2  | Killed a dread lich
 52923 | Crypt:2  | HP: 7/165 [ancient champion/+0 heavy battleaxe (32)]
 52923 | Crypt:2  | Demolished by an eidolon

Illustrated notes

Levels and vault maps discovered:
D:1:      spicycebolla_arrival_risky_transporter, layout_loops_ring,
          minmay_hexomino_c4
D:2:      layout_rooms, uniq_natasha
D:3:      layout_rooms, nicolae_overflow_crystal_walls, serial_undead,
          serial_undead_f, serial_undead_a, serial_undead_e, serial_undead_d,
          hellmonk_ecumenical_altar_blasted, minmay_box_of_dots, uniq_jessica
D:4:      minmay_diamond_boxcup, layout_gridville, mainiacjoe_overflow_alcove_4,
          nicolae_wu_jian_immortal_techniques, serial_shops,
          nicolae_shop_gibbet_a_chance
D:5:      layout_rooms, minmay_temple_entry_gardened_gates,
          uniq_crazy_yiuf_cottage
D:6:      layout_basic, mainiacjoe_overflow_boulevard,
          mainiacjoe_overflow_tiny_flanked, minmay_unpleasant_kobolds
D:7:      layout_loops_ring, mainiacjoe_overflow_alcove_2,
          gammafunk_ghost_grave, grunt_decor_mini_mirrors, uniq_menkaure,
          uniq_prince_ribbit1
D:8:      layout_cave_pools, kennysheep_little_box
D:9:      layout_cave_pools, cheibrodos_ashenzari_chains,
          small_chamber_with_monster, roderic_lattice_a, jiyva_altar_1
D:10:     layout_loops_ring, david_lair_generic
D:11:     layout_basic, serial_shops, shop
D:12:     layout_long_grid, hiddenorc1_lemuel
D:13:     layout_basic, grunt_vaults_entry_fortified, enter_trove_0,
          hellmonk_bongcloud_opening
D:14:     layout_gridville, minmay_misc_feat_secret_circle, minmay_bent
D:15:     grunt_enter_depths_giant_problem, layout_grid_maze, drop_trap,
          nicolae_eternal_life, hex_tiny, serial_nicolae_subway,
          nicolae_sub_station_crystal, nicolae_sub_station_stone,
          nicolae_sub_station_metal
Temple:   nicolae_temple_superstar
Lair:1:   wander_river, layout_regular_city
Lair:2:   layout_chaotic_city, minmay_snake_entry_guardpost_large
Lair:3:   layout_layer_cave, minmay_swamp_entry_eels, special_room
          [special_room_bee]
Lair:4:   layout_cave_pods
Lair:5:   guppyfry_lair_end_dragon, layout_long_grid, hangedman_lair_in_review,
          slime_entry_1
Swamp:1:  layout_basic_swamp, evilmike_swamp_ruin_house_2, swamp_pool4,
          infiniplex_staircase_pool
Swamp:2:  gammafunk_worm_tunnel, layout_falls_marsh,
          nicolae_swamp_decorative_isthmus, swamp_pool3,
          nzn_swamp_dancing_lights
Swamp:3:  layout_falls_marsh, evilmike_swamp_ruin_wall
Swamp:4:  grunt_swamp_rune_castle, layout_basic_swamp, swamp_pool1,
          nicolae_swamp_frolicking_bunyips, infiniplex_staircase_pool_2,
          uniq_nikola
Snake:1:  layout_basic, grunt_megastairs_2, uniq_rupert
Snake:2:  layout_gridlike, nrook_guardian_serpent_ordinary
Snake:3:  layout_chambers, nicolae_shop_clearance
Snake:4:  grunt_snake_rune_pools, layout_rooms, serial_shops,
          nicolae_shop_statue_plus, nrook_loot_triangle, st_stairs_8,
          lemuel_fruit_tree
Orc:1:    layout_caves, serial_shops, nicolae_shop_pleasant_corner_grove,
          mines3_lemuel
Orc:2:    grunt_orc_cross, layout_caves
Elf:1:    eino_elf_arrival_shootout, layout_loops_corners, serial_shops,
          shop_coins, basic_altar, orc_legates
Elf:2:    nicolae_elf_blades_crystal_corner, layout_onion_city, serial_shops,
          nicolae_shop_trees, uniq_donald, uniq_saint_roka
Elf:3:    grunt_elf_hall_asides, layout_loops_cross
Vaults:1: hangedman_vaults_stagger, v_misc_32, vaults_room_hangedman_quadrants,
          nicolae_vaults_alarming, ontoclasm_vaults_ring_large,
          vaults_room_stairs_pillars, vaults_standard_mumra_lines,
          grunt_vaults_hallway_short, nicolae_vaults_diamond_2,
          vaults_room_pools, vaults_dpeg_ring, nicolae_vaults_six-pack,
          nicolae_vaults_turnstiles, layout_vaults_omnicross
Vaults:2: nicolae_vaults_weapon_check, vaults_room_boxed, vaults_room_pool,
          v_misc_11, nicolae_vaults_diamond_1, v_misc_22,
          nicolae_vaults_storage_closets_2, ontoclasm_vaults_shuriken,
          nicolae_vaults_sealed_display, ontoclasm_vaults_hangar,
          nicolae_vaults_trapezoid_1, layout_vaults_big_room, serial_shops,
          shop, uniq_boris, uniq_bai_suzhen
Vaults:3: nicolae_vaults_house_1, dpeg_vaults_monster_row,
          nicolae_vaults_tetromino_L_1, v_misc_9, nicolae_vaults_tetromino_Z_1,
          minmay_crypt_entry_simple_sparse, vaults_room_guarded_vault,
          nicolae_vaults_variable_pillar_hall, layout_vaults_omnigrid
Vaults:4: hangedman_vaults_cutoff, grunt_vaults_twisty,
          nicolae_vaults_shipping_containers_4, vaults_mumra_minichess,
          nicolae_vaults_ninety_degrees, vaults_room_fours,
          nicolae_vaults_shelves_hall, v_misc_12, ontoclasm_vaults_ligature,
          grunt_vaults_bifocal, nicolae_vaults_double_plus_3,
          nicolae_vaults_little_squares_4, layout_vaults_ring
Vaults:5
Crypt:1:  layout_misc_corridors, grunt_crypt_arrival_webbed, grunt_megastairs_4
Crypt:2:  layout_regular_city, door_vault

Skill      XL: |  1  2  3  4  5  6  7  8  9 10 11 12 13 14 15 16 17 18 19 20 21 22 23 24 25 |
---------------+----------------------------------------------------------------------------+-----
Unarmed Combat | 3 4 5 7 8 10 11 12 13 14 16 17 | 17.0
Shapeshifting  | 4 5 6 7 8 9 10 11 13 15 16 17 19 21 22 | 22.4
Dodging        | 3 4 5 7 11 13 14 15 16 17 18 20 | 20.0
Evocations     | 3 |  3.0
Fighting       | 3 4 6 7 9 11 12 | 12.0
Stealth        | 5 9 10 13 15 | 15.0
Translocations | 1 5 7 10 11 12 | 12.0
Spellcasting   | 1 5 9 10 | 10.0
Necromancy     | 4 9 10 | 10.0

Action                     |  1- 3 |  4- 6 |  7- 9 | 10-12 | 13-15 | 16-18 | 19-21 | 22-24 | 25-27 || total
---------------------------+-------+-------+-------+-------+-------+-------+-------+-------+-------++-------
  Melee: Unarmed           |    57 |   101 |   192 |   496 |   902 |   843 |   896 |   714 |   273 ||  4474
         Constrict         |    16 |    35 |    42 |    75 |    68 |       |       |    42 |    47 ||   325
         Tentacles         |    10 |    26 |    50 |   118 |   170 |       |       |    80 |   124 ||   578
         Punch             |     1 |     2 |     9 |    44 |    78 |    64 |    82 |   111 |    58 ||   449
         Tailslap          |       |       |       |       |    65 |   138 |    79 |       |       ||   282
         Bite              |       |       |       |       |    44 |   107 |    50 |       |       ||   201
   Cast: Manifold Assault  |       |       |       |       |     9 |    73 |    84 |     6 |    19 ||   191
         Lesser Beckoning  |       |       |       |       |       |    76 |    63 |       |       ||   139
         Teleport Other    |       |       |       |       |       |     5 |       |       |       ||     5
         Blink             |       |       |       |       |       |     1 |       |       |       ||     1
 Invoke: Call Merchant     |       |       |       |       |     2 |     1 |     1 |     5 |       ||     9
Ability: Breathe Fire      |       |       |       |       |     1 |       |     4 |       |       ||     5
         Begin Untransform |       |       |       |       |       |     2 |     1 |       |       ||     3
  Evoke: Wand              |       |       |    13 |    10 |       |       |       |       |       ||    23
         Lightning rod     |       |       |       |       |       |       |     2 |       |       ||     2
         Phantom mirror    |       |       |       |       |       |       |     1 |       |       ||     1
    Use: Scroll            |     2 |     3 |     1 |     1 |    16 |     8 |     7 |     4 |       ||    42
         Potion            |     1 |       |     2 |     1 |       |     1 |     1 |     3 |       ||     9
   Stab: Sleeping          |     8 |     4 |     8 |     8 |    39 |    20 |    44 |    32 |     4 ||   167
         Distracted        |       |       |     1 |     3 |    18 |    22 |    21 |    16 |     5 ||    86
         Petrified         |       |       |       |       |     3 |       |       |       |       ||     3
 Armour: Skin              |     7 |     7 |    34 |    31 |    98 |   166 |    89 |    27 |       ||   459
  Dodge: Dodged            |    29 |    67 |    96 |   472 |  1023 |   937 |   964 |   917 |   333 ||  4838
   Form: Blade             |       |       |     1 |       |     2 |       |       |       |       ||     3
         Beast             |       |       |       |       |     2 |       |       |       |       ||     2
         Dragon            |       |       |       |       |     1 |     2 |       |       |       ||     3
         Anaconda          |       |       |       |       |       |     1 |       |       |       ||     1
         Storm             |       |       |       |       |       |       |     2 |       |       ||     2
         Death             |       |       |       |       |       |       |       |     1 |       ||     1

Table legend: (Time is in decaauts)
 A = Elapsed time spent in this place.
 B = Non-inter-level travel time spent in this place.
 C = Inter-level travel time spent in this place.
 D = Time resting spent in this place.
 E = Time spent auto-exploring this place.
 F = Levels seen in this place.
 G = Mean time per level.
                   A        B        C        D        E       F      G
               +--------+--------+--------+--------+--------+-----+--------+
         Total |  52102 |  48459 |   3643 |   7939 |  28743 |  44 | 1184.1 |
       Dungeon |  16555 |  15113 |   1442 |   2369 |   9716 |  15 | 1103.7 |
        Temple |     36 |      3 |     33 |      0 |      0 |   1 |   36.0 |
          Lair |   9235 |   8216 |   1019 |   2531 |   3651 |   5 | 1847.0 |
         Swamp |   2931 |   2845 |     86 |    576 |   1557 |   4 |  732.8 |
     Snake Pit |   5370 |   5085 |    285 |    947 |   2848 |   4 | 1342.5 |
  Orcish Mines |   1992 |   1794 |    198 |    132 |   1152 |   2 |  996.0 |
   Elven Halls |   6124 |   5932 |    192 |   1189 |   3590 |   3 | 2041.3 |
        Vaults |   6892 |   6513 |    379 |     87 |   4561 |   5 | 1378.4 |
         Crypt |   2117 |   2112 |      5 |     60 |   1421 |   2 | 1058.5 |
         Abyss |    845 |    845 |      0 |     47 |    247 |   3 |  281.7 |
               +--------+--------+--------+--------+--------+-----+--------+

Top non-repeatable levels by time:
  Lair:3: 3100 daAuts
   Elf:3: 2538 daAuts
   Elf:2: 1891 daAuts
  Lair:5: 1864 daAuts
Vaults:5: 1735 daAuts
   Elf:1: 1694 daAuts
  Lair:1: 1683 daAuts
 Snake:3: 1590 daAuts
     D:9: 1550 daAuts
     D:2: 1511 daAuts
  Lair:4: 1500 daAuts
     D:7: 1484 daAuts
 Snake:4: 1478 daAuts
    D:15: 1400 daAuts
Vaults:3: 1364 daAuts
